 Dungeon Sprint DCSS version 0.19-b1-4-gd8a0a2a (webtiles) character file.

1061 LORDOFBUTT the Blocker (level 8, -7/70 (71) HPs)
             Began as a Formicid Fighter on Oct 31, 2016.
             Mangled by a polar bear (22 damage)
             ... in the Dungeon (Sprint II: "The Violet Keep of Menkaure").
             The game lasted 00:02:39 (729 turns).

LORDOFBUTT the Blocker (Formicid Fighter)            Turns: 729, Time: 00:02:39

HP:   -7/70 (71)    AC: 19    Str: 28    XL:     8   Next: 52%
MP:   8/8           EV: 10    Int:  7    God:
Gold: 258           SH: 13    Dex: 14    Spells: 0 memorised, 7 levels left

rFire  . . .     SeeInvis +     a - +0 war axe
rCold  . . .     Gourm    .     l - +8 chain mail "Waskud" {rN+ Dex+3}
rNeg   + + .     Faith    .     c - +0 shield
rPois  .         Spirit   .     (helmet unavailable)
rElec  .         Reflect  .     (no cloak)
rCorr  .         Harm     .     (no gloves)
MR     .....                    (no boots)
Stlth  ..........               (no amulet)
                                (no ring)
                                e - ring of positive energy

@: mighty
A: permanent stasis, dig shafts and tunnels, four strong arms, antennae 3
a: Dig


You were in the Dungeon.
You were not hungry.

You visited 1 branch You collected 729 gold pieces.
You spent 471 gold pieces at shops.

Inventory:

Hand Weapons
 a - a +0 war axe (weapon)
Armour
 b - a +0 scale mail
 c - a +0 shield (worn)
 l - the +8 chain mail "Waskud" (worn) {rN+ Dex+3}
   (You bought it in a shop in the Dungeon)

   It affects your dexterity (+3).
   It protects you from negative energy.
Jewellery
 e - a ring of positive energy (left hand)
Scrolls
 k - a scroll of blinking
Potions
 g - a potion of heal wounds
 h - a potion of haste
 i - 2 potions of magic
 j - a potion of berserk rage
Comestibles
 f - a bread ration


   Skills:
 + Level 9.4 Fighting
 + Level 10.4 Axes
 + Level 9.5 Armour
 + Level 2.7 Dodging
 + Level 0.3 Stealth
 + Level 10.5 Shields


You had 7 spell levels left.
You didn't know any spells.

Dungeon Overview and Level Annotations

Branches:
Dungeon (1/1)

Altars:
Cheibriados
Dithmenos
Elyvilon
Fedhas
Gozag
Kikubaaqudgha
Makhleb
Nemelex Xobeh
Okawaru
Sif Muna
Trog
Uskayaw
Vehumet
Zin
The Shining One
Beogh
Jiyva
Lugonu

Shops:
D ?(:!=!:[}[=::=?%

Annotations:
D exclusions: oklob plant and orange crystal statue


Innate Abilities, Weirdness & Mutations

You are under a permanent stasis effect.
You can dig through walls and to a lower floor.
Your four strong arms can wield two-handed weapons with a shield.
You have a pair of large antennae on your head. (SInv)


Message History

The polar bear bites you but does no damage.
The polar bear claws you but does no damage. x2
The polar bear bites you but does no damage.
You block the polar bear's attack. x2; You block the hornet's attack.
The polar bear bites you but does no damage.
The polar bear claws you but does no damage. x2
The polar bear bites you but does no damage.
The polar bear claws you but does no damage. x2
The hornet barely misses you.
The polar bear is engulfed in a cloud of scalding steam.
The polar bear goes berserk!
Really walk into that cloud of steam?
Okay, then.
Really walk into that cloud of steam?
You enter the shallow water.
Moving in this stuff is going to be slow.
You are engulfed in a cloud of scalding steam.
* * * LOW HITPOINT WARNING * * *
The polar bear bites you!!
You die...

#####.#####..## .#
#.###'###.##..#{{ .# #
...##.##...#..#{ .# .#
##.÷.<.')#.'§.### .##.# !
...##.##...#....###...##▓▓
#.###'###.##§§....≈c≈≈≈≈≈≈
####.#.####≈≈§§...h#'#####
≈≈#.. #.#≈≈≈≈≈§≈hh≈#....._
#≈##. ##≈≈≈§≈§§@y≈#...._.
#≈≈##+##≈≈≈≈≈≈≈§≈≈≈#..._._
##≈≈≈≈≈≈≈≈≈≈§≈§≈≈≈≈#.._._.
#+++#+++#≈§≈≈§≈≈§≈#._._._
#{§≈S{{≈##§§§###§§#_._._.
≈§≈≈§§≈≈§##≈§# #≈≈#._._._
≈≈≈≈§§§§≈§§+≈≈# #≈≈#_._._.
#≈≈§§≈§§§≈##§≈≈ ≈≈≈#######
##§§§≈§§§## #### ##≈≈≈≈≈


You could see 3 polar bears and a hornet.

Vanquished Creatures
  A siren (D)
  A blink frog (D)
  Menkaure (D)
  4 necrophages (D)
  4 worker ants (D)
  3 worms (D)
14 creatures vanquished.

Vanquished Creatures (others)
  A crocodile (D)
1 creature vanquished.

Grand Total: 15 creatures vanquished

Notes
Turn   | Place    | Note
-------+----------+-------------------------------------------
     0 | D        | LORDOFBUTT the Formicid Fighter began the quest for the Orb.
     0 | D        | Reached XP level 1. HP: 18/18 MP: 1/1
     1 | D        | Noticed a worker ant
     1 | D        | Noticed a worker ant
     6 | D        | Killed a worker ant
     6 | D        | Reached skill level 5 in Shields
     6 | D        | Reached XP level 2. HP: 23/26 MP: 2/2
     6 | D        | Reached XP level 3. HP: 28/31 MP: 3/3
     9 | D        | Reached skill level 5 in Fighting
     9 | D        | Reached skill level 5 in Armour
    28 | D        | Reached XP level 4. HP: 6/39 MP: 4/4
    76 | D        | Killed a crocodile
   263 | D        | Noticed a necrophage
   263 | D        | Noticed a necrophage
   263 | D        | Noticed a necrophage
   263 | D        | Noticed a necrophage
   274 | D        | Killed a necrophage
   274 | D        | Reached skill level 5 in Axes
   274 | D        | Reached XP level 5. HP: 31/47 MP: 5/5
   280 | D        | Killed a necrophage
   280 | D        | Reached skill level 1 in Dodging
   280 | D        | Reached XP level 6. HP: 30/55 MP: 6/6
   285 | D        | Killed a necrophage
   291 | D        | Killed a necrophage
   291 | D        | Reached XP level 7. HP: 33/61 MP: 7/7
   431 | D        | Noticed a siren
   438 | D        | Killed a siren
   438 | D        | Reached skill level 10 in Shields
   438 | D        | Reached XP level 8. HP: 62/70 MP: 8/8
   468 | D        | Found a blossoming altar of Fedhas.
   476 | D        | Noticed Menkaure
   477 | D        | Noticed an orange crystal statue
   484 | D        | Killed Menkaure
   484 | D        | Reached skill level 10 in Axes
   488 | D        | Found Ixozenk's Magic Scroll Boutique.
   488 | D        | Found Nazxoal's Food Shop.
   491 | D        | Found Fulotuat's Book Boutique.
   491 | D        | Found Uqeubu's Jewellery Shop.
   492 | D        | Found Iliufaud's Jewellery Boutique.
   492 | D        | Found Essuwkor's Book Shop.
   515 | D        | Found Qiaroso's Antique Armour Boutique.
   516 | D        | Found Jussono's Gadget Boutique.
   516 | D        | Found Ramam's Antique Armour Shop.
   517 | D        | Found Jot Cetu's Book Shop.
   517 | D        | Found Ufreweg's Distillery.
   519 | D        | Found Wiplia's Jewellery Boutique.
   519 | D        | Found Cesmejoh's Distillery.
   519 | D        | Noticed a death yak
   519 | D        | Noticed an oklob plant
   520 | D        | Found Ifajeg's Antique Weapon Shop.
   520 | D        | Found Oxeroatu's Magic Scroll Boutique.
   520 | D        | Found Otyreg's Book Shoppe.
   520 | D        | Noticed a hippogriff
   520 | D        | Noticed a hippogriff
   521 | D        | Noticed a hippogriff
   524 | D        | Bought a faintly humming scale mail for 243 gold pieces
   534 | D        | Identified the +1 scale mail "Dirphame" {Stlth+} (You bought it in a shop in the Dungeon)
   535 | D        | Noticed a spiny frog
   536 | D        | Bought a polished chain mail for 228 gold pieces
   546 | D        | Identified the +8 chain mail "Waskud" {rN+ Dex+3} (You bought it in a shop in the Dungeon)
   658 | D        | Noticed a blink frog
   673 | D        | Killed a blink frog
   705 | D        | Found an opulent altar of Gozag.
   705 | D        | Found an iron altar of Okawaru.
   706 | D        | Found a sparkling altar of Nemelex Xobeh.
   708 | D        | Found a white marble altar of Elyvilon.
   708 | D        | Found a burning altar of Makhleb.
   708 | D        | Found a radiant altar of Vehumet.
   709 | D        | Found a shadowy altar of Dithmenos.
   709 | D        | Found a corrupted altar of Lugonu.
   709 | D        | Found a hide-covered altar of Uskayaw.
   710 | D        | Noticed a polar bear
   711 | D        | Noticed a polar bear
   711 | D        | Found an ancient bone altar of Kikubaaqudgha.
   711 | D        | Found a snail-covered altar of Cheibriados.
   711 | D        | Found a bloodstained altar of Trog.
   711 | D        | Found a glowing golden altar of the Shining One.
   712 | D        | Noticed a hornet
   713 | D        | Noticed a yaktaur
   713 | D        | Found a viscous altar of Jiyva.
   713 | D        | Found a roughly hewn altar of Beogh.
   713 | D        | Found a deep blue altar of Sif Muna.
   713 | D        | Found a glowing silver altar of Zin.
   719 | D        | Noticed a polar bear
   729 | D        | Mangled by a polar bear

Skill      XL: |  1  2  3  4  5  6  7  8 |
---------------+-------------------------+-----
Fighting       | 4 5 6 7 8 9 |  9.4
Armour         | 4 5 7 8 9 |  9.5
Shields        | 5 6 7 8 9 10 | 10.5
Axes           | 3 5 6 7 9 10 | 10.4
Dodging        | 1 2 |  2.7
Stealth        | |  0.3

Action                   |  1- 3 |  4- 6 |  7- 9 || total
-------------------------+-------+-------+-------++-------
Melee: War axe           |    24 |    33 |    36 ||    93
  Use: Potion            |       |     1 |     1 ||     2
Armor: Scale mail        |    10 |     9 |     1 ||    20
       Chain mail        |       |       |    45 ||    45
Dodge: Dodged            |     4 |     8 |    32 ||    44
Block: Shield            |    15 |    15 |    42 ||    72
